 Dungeon Crawl Stone Soup version 0.30.0-5-g1a98f26d00 (webtiles) character file.

Game seed: 2671629714883425186

597 fozzywoppz the Trooper (level 7, -4/44 HPs)
             Began as a Gargoyle Fighter on May 9, 2023.
             Slain by a yak (13 damage)
             ... on level 5 of the Dungeon.
             The game lasted 00:09:37 (3748 turns).

fozzywoppz the Trooper (Gargoyle Fighter)           Turns: 3748, Time: 00:09:37

Health: -4/44      AC: 12    Str: 20    XL:     7   Next: 40%
Magic:  7/7        EV:  9    Int: 10    God:
Gold:   199        SH:  6    Dex: 11    Spells: 6/6 levels left

rFire   . . .        x - +2 whip (elec)
rCold   . . .        c - +1 buckler
rNeg    + . .        b - +0 scale mail
rPois   ∞            (no helmet)
rElec   +            (no cloak)
rCorr   +            (no gloves)
SInv    .            (no boots)
Will    .....        s - amulet of magic regeneration Stlth
                     m - ring of Ceecotre {rCorr Int+2}
HPRegen 0.27/turn    v - ring of flight
MPRegen 0.50/turn

%: no passive effects
@: flying
A: sickness immunity, AC +4, negative energy resistance 1, electricity
resistance, torment resistance 1, petrification resistance
a: no special abilities


You were on level 5 of the Dungeon.
You visited 1 branch of the dungeon, and saw 5 of its levels.

You collected 199 gold pieces.

Inventory:

Hand Weapons
 a - a +1 flail
 k - a +0 mace
 x - a +2 whip of electrocution (weapon)
Armour
 b - a +0 scale mail (worn)
 c - a +1 buckler (worn)
 g - the +0 cloak "Kohi" {Harm Will+ Str+2 Slay+3 SInv}
   (You found it on level 5 of the Dungeon)

   Str:       It affects your strength (+2).
   Slay:      It affects your accuracy & damage with ranged weapons and melee
   (+3).
   SInv:      It lets you see invisible.
   Harm:      It increases damage dealt and taken.
   Will:      It increases your willpower.
Jewellery
 m - the ring of Ceecotre (left hand) {rCorr Int+2}
   (You found it on level 2 of the Dungeon)

   [ring of resist corrosion]

   Int:       It affects your intelligence (+2).
   rCorr:     It protects you from acid and corrosion.
 s - an amulet of magic regeneration (around neck)
 v - a ring of flight (right hand)
 y - a +6 ring of intelligence
Wands
 r - a wand of paralysis (6)
Scrolls
 i - a scroll of enchant armour
 l - a scroll of enchant weapon
 q - a scroll of torment
Potions
 d - 2 potions of might
 e - a potion of resistance
 f - a potion of ambrosia {unknown}
 h - a potion of invisibility
 o - a potion of degeneration
 p - 3 potions of curing
 w - a potion of flight


   Skills:
 + Level 5.4 Fighting
 + Level 4.4 Maces & Flails
 + Level 5.3 Armour
 - Level 5.0 Shields


You had 6 spell levels left.
You didn't know any spells.
Your spell library contained the following spells:

 Spells                   Type           Power      Damage    Failure   Level
 Gell's Gravitas          Tloc           0%         N/A       98%         3
 Ignite Poison            Fire/Tmut/Pois 0%         N/A       98%         3
 Ozocubu's Armour         Ice            0%         N/A       98%         3
 Teleport Other           Tloc           0%         N/A       98%         3
 Olgreb's Toxic Radiance  Pois           0%         N/A       100%        4
 Sticky Flame             Conj/Fire      0%         2d3       100%        4
 Dispersal                Tloc           0%         N/A       100%        6
 Ozocubu's Refrigeration  Ice            0%         4d7       100%        7
 Discord                  Hex            0%         N/A       100%        8
 Ignition                 Fire           0%         3d3       100%        8


Dungeon Overview and Level Annotations

Branches:
Dungeon (5/15)
 Temple: D:4-7

Altars:
Fedhas
Kikubaaqudgha


Innate Abilities, Weirdness & Mutations

You are immune to sickness and miasma.
Your stone body is resilient. (AC +4)
You are immune to poison.
You resist negative energy. (rN+)
You are resistant to electric shocks. (rElec)
You are resistant to unholy torment.
You are immune to petrification.


Message History

3 yaks come into view.
Found an escape hatch in the floor.
The yak bellows! x2
A white imp comes into view.
The yak moves out of view.
You see here 17 gold pieces.
A yak comes into view.
The yak bellows!
The white imp shouts!
You see here a sedimented blue potion.
Okay, then.
You block the yak's attack. The yak attacks as you move away!
The yak gores you but does no damage.
You see here 17 gold pieces.
The yak attacks as you move away!
The yak gores you but does no damage. x2
You hear the brisk rusting of a very distant drain.
The yak attacks as you move away! The yak barely misses you.
You hit the yak.
The yak is lightly wounded.
The yak barely misses you.
You hit the yak but do no damage. The yak gores you.
You barely miss the yak. The yak gores you but does no damage.
You whack the yak!
The yak is lightly wounded.
The yak gores you.
You hit the yak. Lightning courses through the yak!
The yak is severely wounded.
The yak gores you!
You hit the yak.
The yak is severely wounded.
The yak gores you.
* * * LOW HITPOINT WARNING * * *
You barely miss the yak.
The yak is severely wounded.
The yak gores you.
* * * LOW HITPOINT WARNING * * *
Unknown command.
You hit the yak.
The yak is severely wounded.
The yak gores you!
You die... #..#####......
PPPP.P♣

#..# #.##....... .....PP
P#..##...........
~≈~~..P♣♣P#.........(.....
≈≈≈≈~..P#P##........... .
≈≈≈≈≈~..PP##..#.....#
~~~~≈~~.P #.........# ##
...≈≈~≈.###Y5Y....#.+ +.
._.~~≈~..@YY#.......#
...~≈≈≈.######.Y....## ##
≈≈≈≈≈≈≈.P #.......#....
≈≈≈≈≈~..PP #...!.....# .
≈≈≈≈~..PP## #Y........#
~~≈~..P#P.#...Y........#
......P PP#..(..........#


PPPPP#P P##............## #...>........# You could see 4 yaks and a white imp.

Vanquished Creatures
  A black bear (D:4)
  A phantom (D:5)
  4 hounds
  Natasha (thrice) (D:4)
  3 gnolls
  12 adders
  4 worms
  5 orcs
  7 endoplasms
  2 giant cockroaches
  4 hobgoblins
  2 jackals (D:4)
  A quokka (D:5)
  7 ball pythons
  6 bats
  6 frilled lizards
  5 goblins
  8 kobolds
  4 rats
85 creatures vanquished.

Vanquished Creatures (collateral kills)
  2 gnolls (D:5)
  A worm (D:5)
3 creatures vanquished.

Grand Total: 88 creatures vanquished

Notes
Turn   | Place    | Note
-------+----------+-------------------------------------------
     0 | D:1      | fozzywoppz the Gargoyle Fighter began the quest for the
                  | Orb.
     0 | D:1      | Reached XP level 1. HP: 14/14 MP: 1/1
   243 | D:1      | Reached XP level 2. HP: 19/19 MP: 2/2
   652 | D:2      | Reached XP level 3. HP: 12/24 MP: 3/3
   890 | D:2      | Reached XP level 4. HP: 28/29 MP: 4/4
   914 | D:2      | Found an ancient bone altar of Kikubaaqudgha.
  1025 | D:2      | Identified the ring of Ceecotre {rCorr Int+2}
  1103 | D:2      | Found a faded altar of an unknown god.
  1103 | D:2      | Noticed a ynoxinul
  1538 | D:3      | Reached XP level 5. HP: 33/33 MP: 5/5
  2423 | D:4      | Reached XP level 6. HP: 39/39 MP: 6/6
  2740 | D:4      | Noticed a black bear
  3148 | D:4      | Killed a black bear
  3150 | D:4      | Noticed Natasha
  3164 | D:4      | Killed Natasha
  3247 | D:4      | Noticed Natasha
  3252 | D:4      | Killed Natasha
  3361 | D:4      | Noticed Natasha
  3370 | D:4      | Killed Natasha
  3371 | D:4      | Reached skill level 5 in Fighting
  3388 | D:5      | Entered Level 5 of the Dungeon
  3406 | D:5      | Reached skill level 5 in Armour
  3580 | D:5      | Reached XP level 7. HP: 44/44 MP: 7/7
  3630 | D:5      | Reached skill level 5 in Shields
  3633 | D:5      | Identified the +0 cloak "Kohi" {Harm Will+ Str+2 Slay+3
                  | SInv}
  3721 | D:5      | Found a blossoming altar of Fedhas.
  3729 | D:5      | Noticed a yak
  3730 | D:5      | Noticed a yak
  3730 | D:5      | Noticed a yak
  3730 | D:5      | Noticed a yak
  3731 | D:5      | Noticed a yak
  3748 | D:5      | Slain by a yak

Illustrated notes

Levels and vault maps discovered:
D:1:      dpeg_arrival_lava_temple_mockup, layout_rooms, minmay_pentomino_v2
D:2:      layout_basic, basic_altar, dreamdust_ecumenical_altar_sealed_demon,
          eino_tiny_chamber
D:3:      layout_loops_cross, nicolae_elevator_lobby_plus
D:4:      layout_basic, kennysheep_cross_room, cheibrodos_gnoll_hut,
          uniq_natasha
D:5:      layout_cave_pools, tgw_fedhas, portal_sewer_entry_c,
          guppyfry_shop_venom

Skill      XL: |  1  2  3  4  5  6  7 |
---------------+----------------------+-----
Fighting       | 4 5 |  5.4
Maces & Flails | 3 4 |  4.4
Armour         | 4 5 |  5.3
Shields        | 4 5 |  5.0

Action                     |  1- 3 |  4- 6 |  7- 9 || total
---------------------------+-------+-------+-------++-------
  Melee: Flail             |   115 |   218 |       ||   333
         Whip              |       |     4 |    30 ||    34
  Evoke: Wand              |       |     4 |       ||     4
    Use: Scroll            |       |    13 |     1 ||    14
         Potion            |       |       |     1 ||     1
   Stab: Paralysed         |       |     4 |       ||     4
 Armour: Scale mail        |    79 |   144 |    18 ||   241
         Skin              |       |       |     2 ||     2
  Dodge: Dodged            |    64 |   118 |    11 ||   193
  Block: Buckler           |    33 |    52 |     7 ||    92
